 Dungeon Crawl Stone Soup version 0.21-a0-582-g1b93aee (webtiles) character file.

4046 Amnesiac the Slinger (level 10, -1/66 HPs)
             Began as a Halfling Fighter on Dec 19, 2017.
             Was an Initiate of Okawaru (penitent).
             Slain by a slave (5 damage)
             ... led by Pikel
             ... on level 8 of the Dungeon.
             The game lasted 00:15:34 (9069 turns).

Amnesiac the Slinger (Halfling Fighter)             Turns: 9069, Time: 00:15:35

Health: -1/66      AC: 17    Str: 20    XL:     10   Next: 48%
Magic:  11/11      EV:  9    Int:  6    God:    Okawaru [*]
Gold:   1244       SH: 11    Dex: 15    Spells: 9/9 levels left

rFire    . . .     SeeInvis .   (weapon restricted)
rCold    . . .     Gourm    .   c - +0 shield
rNeg     . . .     Faith    .   w - +0 plate armour
rPois    .         Spirit   .   j - +1 helmet
rElec    .         Reflect  .   (no cloak)
rCorr    .         Harm     .   D - +0 pair of gloves
MR       .....                  s - +0 pair of boots
Stlth    ..........             (no amulet)
HPRegen  0.21/turn              (no ring)
MPRegen  0.12/turn              (no ring)

@: berserk cooldown, slowed, very slow
A: small, mutation resistance 1
a: Renounce Religion


You were on level 8 of the Dungeon.
You worshipped Okawaru.
Okawaru was demanding penance.
You were hungry.

You visited 2 branches of the dungeon, and saw 9 of its levels.
You also visited: Bailey.

You collected 1244 gold pieces.

Inventory:

Hand Weapons
 a - a +1 hunting sling of freezing
 b - a +0 broad axe
Missiles
 n - 112 stones
 x - 3 curare-tipped needles
 y - 7 poisoned needles
 E - 24 tomahawks of returning (quivered)
Armour
 c - a +0 shield (worn)
 j - a +1 helmet (worn)
 s - a +0 pair of boots (worn)
 w - a +0 plate armour (worn)
 D - a +0 pair of gloves (worn)
Jewellery
 v - an uncursed ring of fire
Wands
 i - a wand of random effects (25)
Scrolls
 g - 2 scrolls of enchant armour {!r}
 m - 9 scrolls of remove curse {!r}
 o - a scroll of teleportation {!r}
Potions
 d - a potion of might {!q}
 h - 2 potions of resistance {!q}
 q - a potion of mutation {!q}
 u - a potion of magic {!q}
 z - a potion of invisibility {!q}
 B - a potion of brilliance {!q}
Books
 r - a book of Misfortune

   Spells                             Type                      Level
   a - Confusing Touch                Hexes                        1
   b - Confuse                        Hexes                        3
   c - Gell's Gravitas                Translocation                3
   d - Petrify                        Transmutation/Earth          4
   e - Metabolic Englaciation         Hexes/Ice                    5
   f - Yara's Violent Unravelling     Hexes/Transmutation          5
Miscellaneous
 e - a phial of floods (inert)
Comestibles
 f - 19 rations
 t - 5 chunks of flesh


   Skills:
 * Level 5.4 Fighting
   Level 2.4 Short Blades
 + Level 12.8 Slings
 * Level 6.5 Armour
 * Level 6.5 Dodging
 * Level 6.5 Shields
 + Level 2.3 Invocations


You had 9 spell levels left.
You didn't know any spells.

Dungeon Overview and Level Annotations

Branches:
Dungeon (8/15)             Temple (1/1) D:7
   Lair: D:8-11

Altars:
Ashenzari
Dithmenos
Elyvilon
Kikubaaqudgha
Makhleb
Nemelex Xobeh
Okawaru
Qazlal
Sif Muna
Vehumet
Wu Jian
Xom
The Shining One

Annotations:
D:8 Gastronok


Innate Abilities, Weirdness & Mutations

You are small and have problems with some larger weapons.
You are somewhat resistant to further mutation.


Message History

You block the ice beast's attack. The slave hits you but does no damage.
You hit the ice beast.
The ice beast is moderately wounded.
The ice beast barely misses you. The slave hits you.
* * * LOW HITPOINT WARNING * * *
You hit the ice beast.
The ice beast is moderately wounded.
You feel sick.
You hit the ice beast.
The ice beast is heavily wounded.
You block the slave's attack.
Your water elemental engulfs the slave in water!
The ice beast hits you but does no damage.
Your plate armour prevents you from hitting the ice beast.
The ice beast is heavily wounded.
The ice beast barely misses you. The slave hits you but does no damage.
You punch the ice beast!
The ice beast is severely wounded.
You block the ice beast's attack. The slave hits you but does no damage.
You closely miss the ice beast.
The ice beast is severely wounded.
Gastronok looks at you and mumbles some strange words.
You feel yourself slow down.
Your shield and plate armour prevent you from hitting the ice beast.
The ice beast is severely wounded.
You feel sick.
Your water elemental disappears in a puff of smoke!
The slave hits you but does no damage. You block the ice beast's attack.
You barely miss the ice beast.
The ice beast is severely wounded.
You block the ice beast's attack. The slave hits you but does no damage.
You block the ice beast's attack. The slave barely misses you.
You hit the ice beast.
The ice beast is almost dead.
The slave barely misses you. You block the ice beast's attack.
You hit the ice beast.
You kill the ice beast!
Okawaru accepts your kill.
Gastronok waves his eye-stalks in wide circles.
The air twists around and strikes you!
* * * LOW HITPOINT WARNING * * *
The slave closely misses you.
Unknown command.
You are no longer berserk.
You pass out from exhaustion.
You feel as though you will be slow longer.
You feel sick.
You are no longer poisoned.
The slave hits you but does no damage.
You can move again.
The slave hits you but does no damage.
Gastronok waves his eye-stalks in wide circles.
The air twists around and strikes you!
* * * LOW HITPOINT WARNING * * *
Items here: ! )) [[ a dagger; a robe; a mace; a ring mail; a potion of degeneration {!q} You block the slave's attack.
Things that are here:
a dagger; a robe; an orc skeleton
Okay, then.
Okay, then.
Okay, then.
The slave hits you.
You die...

...#(.####....#(##
....... #.#.#)^†#
.##.##p
#.#(.###..# #. #p
#.#..# .(...
#.#..# ####
#.#)#...#
#.#)##### #p##
#.@# #..# #..#
#<.# #..# ...#
###<# #.# #.#


You could see a slave.

Vanquished Creatures
  Grinder (D:1)
  Sigmund (D:3)
  A hungry ghost (D:6)
  A water moccasin (D:6)
  Duvessa (D:5)
  3 orc warriors (Bailey)
  2 ice beasts
  2 slaves (D:8)
  A black bear (D:7)
  A phantom (D:4)
  2 ogres
  3 centaurs
  Blork the orc (D:6)
  A scorpion (D:5)
  4 killer bees (D:7)
  Dowan (D:5)
  3 howler monkeys (D:7)
  6 crimson imps
  A bullfrog zombie (D:5)
  4 orc priests
  A centaur skeleton (D:7)
  2 hounds
  7 orc wizards
  A bullfrog skeleton (D:5)
  An iguana (D:6)
  Natasha (thrice) (D:2)
  Terence (D:2)
  A howler monkey zombie (D:6)
  A worker ant zombie (D:6)
  A howler monkey skeleton (D:7)
  4 gnolls
  12 adders
  3 shadow imps
  2 oozes
  3 adder skeletons (D:4)
  2 worms (D:2)
  3 dart slugs
  8 leopard geckos
  22 orcs
  10 bats
  6 giant cockroaches
  10 goblins
  10 hobgoblins
  21 jackals
  2 quokkas
  3 ball pythons
  A ball python skeleton (D:4)
  7 frilled lizards
  19 kobolds
  A quokka zombie (D:5)
  11 rats
219 creatures vanquished.

Vanquished Creatures (collateral kills)
  Erica (D:8)
  2 howler monkeys (D:8)
3 creatures vanquished.

Vanquished Creatures (others)
  An orc wizard (D:8)
1 creature vanquished.

Grand Total: 223 creatures vanquished

Notes
Turn   | Place    | Note
-------+----------+-------------------------------------------
     0 | D:1      | Amnesiac the Halfling Fighter began the quest for the Orb.
     0 | D:1      | Reached XP level 1. HP: 15/15 MP: 1/1
    37 | D:1      | Reached skill level 1 in Dodging
   108 | D:1      | Reached XP level 2. HP: 16/20 MP: 2/2
   260 | D:1      | Reached XP level 3. HP: 20/25 MP: 3/3
   784 | D:1      | Reached XP level 4. HP: 30/30 MP: 4/4
  1131 | D:2      | Noticed Natasha
  1163 | D:2      | Killed Natasha
  1163 | D:2      | Reached XP level 5. HP: 2/36 MP: 5/5
  1475 | D:2      | Noticed Natasha
  1481 | D:2      | Killed Natasha
  1490 | D:2      | Noticed Natasha
  1501 | D:2      | Killed Natasha
  1676 | D:2      | Found an ancient bone altar of Kikubaaqudgha.
  1676 | D:2      | Noticed Terence
  1693 | D:2      | Killed Terence
  1806 | D:2      | Reached XP level 6. HP: 23/42 MP: 6/6
  2390 | D:3      | Reached skill level 1 in Slings
  2399 | D:3      | Noticed Grinder
  2604 | D:3      | Noticed Sigmund
  2655 | D:2      | Paralysed by Grinder for 4 turns
  2846 | D:3      | Killed Sigmund
  2846 | D:3      | Reached skill level 5 in Slings
  2846 | D:3      | Reached XP level 7. HP: 44/46 MP: 7/7
  3028 | D:3      | Reached skill level 6 in Slings
  3664 | D:1      | Killed Grinder
  3664 | D:1      | Reached skill level 8 in Slings
  3805 | D:4      | Reached XP level 8. HP: 52/52 MP: 8/8
  3835 | D:4      | Reached skill level 9 in Slings
  4357 | D:4      | Reached skill level 10 in Slings
  4541 | D:5      | Entered Level 5 of the Dungeon
  4627 | D:5      | Reached skill level 11 in Slings
  4877 | D:5      | Found a burning altar of Makhleb.
  4877 | D:5      | Found a shimmering altar of Xom.
  5060 | D:5      | Noticed Duvessa
  5062 | D:5      | Noticed Dowan
  5084 | D:5      | Killed Dowan
  5113 | D:5      | Killed Duvessa
  5197 | D:5      | Reached skill level 12 in Slings
  5197 | D:5      | Reached XP level 9. HP: 42/57 MP: 9/9
  5965 | D:6      | Found a white marble altar of Elyvilon.
  5968 | D:6      | Found a stormy altar of Qazlal.
  6092 | D:6      | Noticed Blork the orc
  6099 | D:6      | Killed Blork the orc
  6149 | D:6      | Found a glowing golden altar of the Shining One.
  6553 | D:6      | Reached skill level 5 in Armour
  6553 | D:6      | Reached skill level 5 in Dodging
  6553 | D:6      | Reached skill level 5 in Shields
  7194 | D:7      | Found a staircase to the Ecumenical Temple.
  7239 | Temple   | Entered the Ecumenical Temple
  7277 | Temple   | Became a worshipper of Warmaster Okawaru
  7407 | D:7      | Found a flagged portal.
  7421 | Bailey   | Entered a bailey
  7791 | Bailey   | Found a burning altar of Makhleb.
  7977 | D:7      | Reached skill level 1 in Invocations
  7981 | D:7      | Reached XP level 10. HP: 65/65 MP: 10/10
  8080 | D:7      | HP: 3/97 [poisoned by a killer bee]
  8082 | D:7      | Reached * piety under Okawaru
  8435 | D:7      | Reached skill level 5 in Fighting
  8989 | D:8      | Noticed Erica
  9033 | D:8      | Was placed under penance by Okawaru
  9047 | D:8      | Noticed Gastronok
  9050 | D:8      | Killed Erica
  9066 | D:8      | HP: 3/66 [Gastronok/the air (10)]
  9069 | D:8      | Slain by a slave

Vault maps used:
D:1:      mainiacjoe_arrival_reflecting_pool, minmay_tromino_mix6
D:2:      lemuel_crystal_altar, first_ration, grunt_ministairs_11, uniq_terence,
          uniq_natasha
D:3:      nrook_loot_triangle, uniq_sigmund, uniq_grinder
D:4:      minmay_statues_item
D:5:      grunt_temple_overflow_champion_of_chaos, uniq_duvessa
D:6:      elyvilon_altar_4, tso_metal_star, basic_altar, uniq_blork_the_orc
D:7:      minmay_temple_entry_junction, enter_bailey_2
D:8:      uniq_erica, uniq_pikel, uniq_gastronok
Temple:   minmay_crystal_spiral_temple
Bailey:   bailey_axe_3, bailey

Skill      XL: |  1  2  3  4  5  6  7  8  9 10 |
---------------+-------------------------------+-----
Dodging        | 1 2 3 4 5 6 |  6.5
Fighting       | 3 4 5 |  5.4
Armour         | 4 5 6 |  6.5
Shields        | 4 5 6 |  6.5
Slings         | 5 8 12 | 12.8
Invocations    | 1 2 |  2.3
Short Blades   | |  2.4

Action                   |  1- 3 |  4- 6 |  7- 9 | 10-12 || total
-------------------------+-------+-------+-------+-------++-------
Melee: Rapier            |   119 |   175 |       |       ||   294
       Unarmed           |       |       |       |    29 ||    29
 Fire: Hunting sling     |       |    60 |   648 |   113 ||   821
Throw: Tomahawk          |       |       |     5 |     9 ||    14
Evoke: Phial of floods   |       |       |       |     1 ||     1
  Use: Potion            |       |     1 |       |     7 ||     8
       Scroll            |       |     5 |    13 |       ||    18
  Eat: Chunk             |       |     6 |    18 |     3 ||    27
Armor: Scale mail        |    34 |    59 |     9 |       ||   102
       Plate armour      |       |       |    85 |    61 ||   146
       Skin              |       |       |       |    30 ||    30
Dodge: Dodged            |    41 |    99 |    63 |    39 ||   242
Block: Shield            |    55 |   119 |    97 |    63 ||   334

Table legend:
 A = Spawn XP
 B = Non-spawn XP
 C = Spawn XP percentage of total XP
 D = Spawn monster count
 E = Non-spawn monster count
 F = Spawn count percentage of total count
 G = Total turns spent on level
                    A         B        C        D         E        F      G
               +---------+---------+-------+---------+---------+-------+---------
         Total |       0 |    5780 |   0.0 |       0 |     221 |   0.0 |  9069
               +---------+---------+-------+---------+---------+-------+---------
           D:1 |       0 |     355 |   0.0 |       0 |      39 |   0.0 |  1313
           D:2 |       0 |     226 |   0.0 |       0 |      36 |   0.0 |  1375
           D:3 |       0 |     387 |   0.0 |       0 |      31 |   0.0 |  1028
           D:4 |       0 |     443 |   0.0 |       0 |      17 |   0.0 |   825
           D:5 |       0 |     707 |   0.0 |       0 |      21 |   0.0 |  1351
           D:6 |       0 |     911 |   0.0 |       0 |      22 |   0.0 |  1175
           D:7 |       0 |    1193 |   0.0 |       0 |      31 |   0.0 |  1271
           D:8 |       0 |    1117 |   0.0 |       0 |       8 |   0.0 |   152
        Bailey |       0 |     441 |   0.0 |       0 |      16 |   0.0 |   502
               +---------+---------+-------+---------+---------+-------+---------
